 Dungeon Crawl Stone Soup version 0.31.0-32-g396128a36d (webtiles) character file.

Game seed: 2448694818302347489

151967 monsoonserge the Grappler (level 17, -3/128 (135) HPs)
             Began as a Gnoll Shapeshifter on Mar 12, 2024.
             Was the Champion of Wu Jian.
             Slain by a deep elf blademaster
             ... wielding a +0 rapier
              (16 damage)
             ... on level 3 of the Elven Halls.
             The game lasted 02:47:57 (37133 turns).

monsoonserge the Grappler (Gnoll Shapeshifter)     Turns: 37133, Time: 02:47:58

HP:   -3/128 (135)  AC:  6    Str: 21    XL:     17   Next: 57%
MP:   23/33         EV: 29    Int: 13    God:    Wu Jian [******]
Gold: 2655          SH: 20    Dex:  8    Spells: 11/40 levels left

rFire   + .          .
                       - Unarmed
rCold   . . .        L - +4 kite shield of Yhuwo {rElec rF+ rN+ Str+2}
rNeg    + + .        O - melded +2 chain mail {rN+}
rPois   +            l - +0 helmet
rElec   +            A - +0 cloak {Will+}
rCorr   .            F - +2 pair of gloves "Toqiping" {rPois rN+ Int+2 Dex-3}
SInv    .            z - +2 pair of boots
Will    ++++.        C - amulet of Eboxeuv {Reflect Harm +Inv rElec Str-2 SH+5}
Stlth   ++++++       N - ring "Gonudus" {Will++ EV+5 Slay+3 Stlth+}
HPRegen 0.41/turn    n - ring of the Hare {EV+10}
MPRegen 0.23/turn

%: harm (+30% outgoing, +20% incoming), reflection
@: exhausted, maw-form, forested, corroded, drained
A: devouring maw, fangs 1, strong nose, distributed training
a: Begin Untransformation, Renounce Religion, Evoke Invisibility, Wall Jump,
Serpent's Lash, Heavenly Storm


You were on level 3 of the Elven Halls.
You worshipped Wu Jian.
Wu Jian was exalted by your worship.
You were a creature with a mouth for a stomach.
You visited 7 branches of the dungeon, and saw 26 of its levels.

You collected 5174 gold pieces.
You spent 2519 gold pieces at shops.

Inventory:

Missiles
 j - 6 atropa-tipped darts
 v - 15 javelins (quivered)
 S - 10 curare-tipped darts
Armour
 l - a +0 helmet (worn)
 z - a +2 pair of boots (worn)
 A - a +0 cloak of willpower (worn)
 F - the +2 pair of gloves "Toqiping" (worn) {rPois rN+ Int+2 Dex-3}
   (You found it on level 5 of the Lair of Beasts)

   Int+2:     It affects your intelligence (+2).
   Dex-3:     It affects your dexterity (-3).
   rPois:     It protects you from poison rN+: It protects you from negative
   energy.
 L - the +4 kite shield of Yhuwo (worn) {rElec rF+ rN+ Str+2}
   (You took it off Donald on level 2 of the Orcish Mines)

   Str+2:     It affects your strength (+2).
   rF+:       It protects you from fire.
   rElec:     It insulates you from electricity.
   rN+:       It protects you from negative energy.
 O - a +2 chain mail of positive energy (melded)
Jewellery
 g - a ring of protection from fire
 n - the ring of the Hare (right hand) {EV+10}
   (You acquired it on level 1 of the Elven Halls)

   [ring of evasion]

   EV+10:     It affects your evasion (+10).
 o - a ring of protection from cold
 C - the amulet of Eboxeuv (around neck) {Reflect Harm +Inv rElec Str-2 SH+5}
   (You bought it in a shop on level 2 of the Orcish Mines)

   [amulet of reflection]

   Reflect:   It reflects blocked missile attacks.
   Str-2:     It affects your strength (-2).
   rElec:     It insulates you from electricity.
   +Inv:      It lets you turn invisible.
   SH+5:      It affects your SH (+5).
   Harm:      It increases damage dealt and taken.
 N - the ring "Gonudus" (left hand) {Will++ EV+5 Slay+3 Stlth+}
   (You found it on level 5 of the Lair of Beasts)

   [ring of evasion]

   EV+5:      It affects your evasion (+5).
   Slay+3:    It affects your accuracy & damage with ranged weapons and melee
   (+3).
   Will++:    It greatly increases your willpower.
   Stlth+:    It makes you more stealthy.
 P - the ring of Tension {rPois Will+ rCorr Dex-4 SInv}
   (You found it on level 3 of the Elven Halls)

   [ring of poison resistance]

   Dex-4:     It affects your dexterity (-4).
   rPois:     It protects you from poison Will+: It increases your willpower.
   SInv:      It lets you see invisible.
   rCorr:     It protects you from acid and corrosion.
Talismans
 d - the flux talisman of the Black Moon {rElec}
   (You found it on level 2 of the Elven Halls)

   [flux talisman]

   rElec:     It insulates you from electricity.
 h - a maw talisman (active)
 p - a blade talisman
 q - a talisman of death
 u - a serpent talisman
 V - a dragon-blood talisman
Wands
 c - a wand of mindburst (8)
 s - a wand of flame (45)
 H - a wand of roots (22)
 R - a wand of polymorph (15)
 T - a wand of charming (12)
 W - a wand of quicksilver (12)
Scrolls
 a - 2 scrolls of teleportation
 i - 8 scrolls of poison
 m - 3 scrolls of fear
 x - 7 scrolls of revelation
 y - a scroll of immolation
 D - 3 scrolls of enchant armour
 J - 5 scrolls of fog
 M - 2 scrolls of blinking
 X - 2 scrolls of identify
 Y - 2 scrolls of summoning
 Z - 5 scrolls of amnesia
Potions
 b - 8 potions of lignification
 e - 5 potions of mutation
 f - 4 potions of magic
 k - 11 potions of brilliance
 r - 2 potions of haste
 t - 2 potions of ambrosia
 w - 2 potions of berserk rage
 E - a potion of heal wounds
 G - 5 potions of invisibility
 I - 4 potions of might
 Q - a potion of cancellation
 U - a potion of enlightenment
Miscellaneous
 B - a phantom mirror


   Skills:
 + Level 12.4 Fighting
 + Level 12.1 Short Blades
 + Level 12.1 Long Blades
 + Level 12.1 Axes
 + Level 12.1 Maces & Flails
 + Level 12.1 Polearms
 + Level 12.1 Staves
 + Level 12.1 Ranged Weapons
 + Level 12.1 Throwing
 + Level 12.1 Armour
 + Level 12.9 Dodging
 + Level 12.1 Stealth
 + Level 12.1 Shields
 + Level 13.7 Unarmed Combat
 + Level 12.1 Spellcasting
 + Level 10.3 Conjurations
 + Level 10.3 Hexes
 + Level 10.3 Summonings
 + Level 10.3 Necromancy
 + Level 10.3 Translocations
 + Level 10.3 Fire Magic
 + Level 10.3 Ice Magic
 + Level 10.3 Air Magic
 + Level 10.3 Earth Magic
 + Level 10.3 Alchemy
 + Level 13.2 Invocations
 + Level 12.1 Evocations
 + Level 12.9 Shapeshifting


You had 11 spell levels left.
You knew the following spells:

 Your Spells              Type           Power      Damage    Failure   Level
a - Blink                 Tloc           68%        N/A       1%          2
b - Lesser Beckoning      Tloc           68%        N/A       1%          2
c - Mephitic Cloud        Conj/Alch/Air  34%        N/A       1%          3
d - Swiftness             Air            34%        N/A       1%          3
e - Summon Forest         Summ/Tloc      17%        N/A       6%          5
f - Yara's Violent Unrav  Hex/Alch       17%        3d8       6%          5
g - Cause Fear            Hex            17%        N/A       2%          4
h - Silence               Hex/Air        17%        N/A       6%          5

Your spell library contained the following spells:

 Spells                   Type           Power      Damage    Failure   Level
 Apportation              Tloc           68%        N/A       1%          1
 Magic Dart               Conj           100%       1d8       1%          1
 Necrotise                Necr           100%       1d9       1%          1
 Shock                    Conj/Air       100%       1d9       1%          1
 Sting                    Conj/Alch      100%       1d9       1%          1
 Summon Small Mammal      Summ           100%       N/A       1%          1
 Cigotuvi's Dreadful Rot  Necr/Alch/Air  68%        N/A       1%          2
 Ensorcelled Hibernation  Hex/Ice        68%        N/A       1%          2
 Jinxbite                 Hex            68%        N/A       1%          2
 Mercury Vapours          Alch/Air       68%        N/A       1%          2
 Momentum Strike          Conj/Tloc      68%        3d9       1%          2
 Scorch                   Fire           68%        2d7       1%          2
 Searing Ray              Conj           68%        2d6       1%          2
 Call Canine Familiar     Summ           34%        N/A       1%          3
 Confusing Touch          Hex            34%        N/A       1%          3
 Dazzling Flash           Conj/Hex       68%        N/A       1%          3
 Frozen Ramparts          Ice            68%        1d11      1%          3
 Passwall                 Erth           34%        N/A       1%          3
 Sigil of Binding         Hex            34%        N/A       1%          3
 Vampiric Draining        Necr           34%        2d8       1%          3
 Airstrike                Air            17%        2d(3-19)  2%          4
 Dimensional Bullseye     Hex/Tloc       17%        N/A       2%          4
 Flame Wave               Conj/Fire      34%        2d10      2%          4
 Fulminant Prism          Conj/Alch      17%        3d11      2%          4
 Iskenderun's Mystic Bla  Conj/Tloc      34%        2d8       2%          4
 Leda's Liquefaction      Alch/Erth      17%        N/A       2%          4
 Martyr's Knell           Necr/Summ      34%        N/A       2%          4
 Petrify                  Alch/Erth      34%        N/A       2%          4
 Curse of Agony           Necr           34%        N/A       6%          5
 Metabolic Englaciation   Hex/Ice        17%        N/A       6%          5
 Summon Mana Viper        Hex/Summ       34%        N/A       6%          5
 Conjure Ball Lightning   Conj/Air       17%        3x3d6     32%         6
 Summon Cactus Giant      Summ           17%        N/A       32%         6
 Enfeeble                 Hex            17%        N/A       88%         7
 Haunt                    Necr/Summ      17%        N/A       88%         7
 Borgnjor's Revivificati  Necr           17%        N/A       100%        8
 Death's Door             Necr           17%        N/A       100%        9


Dungeon Overview and Level Annotations

Branches:
Dungeon (13/15)            Temple (1/1) D:4            Lair (5/5) D:8
 Shoals (1/4) Lair:2       Spider (1/4) Lair:3        Slime (0/5) Lair:5
    Orc (2/2) D:10            Elf (3/3) Orc:2
 Vaults: D:13-14

Altars:
Ashenzari
Cheibriados
Dithmenos
Elyvilon
Fedhas
Gozag
Hepliaklqana
Kikubaaqudgha
Makhleb
Nemelex Xobeh
Okawaru
Qazlal
Ru
Sif Muna
Trog
Uskayaw
Vehumet
Wu Jian
Xom
Yredelemnul
Zin
The Shining One
Jiyva

Shops:
D:5 *[(   Orc:2 *=*[   Elf:1 (   Shoals:1 !

Annotations:
Lair:4 3 runed translucent doors, Murgh's ghost, journeyman MiBe


Innate Abilities, Weirdness & Mutations

You are a creature with a mouth for a stomach.
Your midsection houses a second, enormous mouth.
You have very sharp teeth.
Your uncanny sense of smell can sniff out nearby items.
Your experience applies equally to all skills.


Message History

You spin and attack the deep elf annihilator repeatedly, with incredible momentum.
You pummel the deep elf annihilator!!
You blow up the deep elf annihilator!
The Council accepts your kill.
Your supernatural speed expires.
Unknown command.
Press: ? - help, v - describe, . - travel
Here: a deep elf sorcerer, wielding a +0 dagger (lightly wounded, fast)
The floor, spattered with blood.
You feel much better.
The deep elf sorcerer is hit by a branch!
The deep elf blademaster is engulfed in noxious fumes.
Casting: Yara's Violent Unravelling (dangerous; 6% risk of failure)
Confirm with . or Enter, or press ? or * to list all spells.
Aiming: Mephitic Cloud (safe; 1% risk of failure)
Press: ? - help, Shift-Dir - straight line, f/p - deep elf sorcerer
Aim: a deep elf sorcerer, wielding a +0 dagger (sparse dust, moderately wounded, fast, chance to affect: 34%)
Okay, then.
Casting: Mephitic Cloud (safe; 1% risk of failure)
Confirm with . or Enter, or press ? or * to list all spells.
Aiming: Mephitic Cloud (safe; 1% risk of failure)
Press: ? - help, Shift-Dir - straight line, f/p - deep elf sorcerer
Aim: a deep elf sorcerer, wielding a +0 dagger (sparse dust, moderately wounded, fast, chance to affect: 34%)
Okay, then.
Unknown command.
Casting: Mephitic Cloud (safe; 1% risk of failure)
Confirm with . or Enter, or press ? or * to list all spells.
Aiming: Mephitic Cloud (safe; 1% risk of failure)
Press: ? - help, Shift-Dir - straight line, f - you, p - deep elf sorcerer The ball explodes into a vile cloud!
The stinking cloud engulfs you.
The stinking cloud engulfs the deep elf blademaster.
The deep elf blademaster is moderately wounded.
The stinking cloud engulfs the deep elf sorcerer.
The deep elf sorcerer is moderately wounded.
You hear a shout!
The deep elf blademaster is engulfed in noxious fumes.
The deep elf blademaster hits you with a +0 rapier!
* * * LOW HITPOINT WARNING * * *
The deep elf blademaster hits you with a +0 rapier!
You die...

####### ##.....##
##.......## ## ##.........##
.### #....♣......♣ ...###
#....♣......# .....#
♣...........# .....#
♣#..)..§..♣..♣#####
.....####♣..)).§W§....'....+
.....#...♣.[.).§ee)..♣######
.....#._.'.8.[.ER°..#♣ ∆
.....#...#..)#.....#'#
.....#####.[.#'#♣#♣# .♣
...'## ♣###♣.# .# .###.##
#.# .# ∆# ## ##.## #.# . '#
##.## ♣.# ###..#


You could see a deep elf blademaster (ally target), a deep elf sorcerer (fast),
an earth elemental and a friendly dryad (summoned).

Vanquished Creatures
  Jorgrun (D:12)
  Rupert (D:13)
  Asterion (Elf:3)
  Donald (Orc:2)
  A deep elf sorcerer (Elf:1)
  A deep elf elementalist (Elf:3)
  An orc warlord (Orc:2)
  A deep elf death mage (Elf:3)
  A deep elf demonologist (Elf:3)
  4 deep elf annihilators (Elf:3)
  Snorg (Orc:2)
  A merfolk javelineer (Shoals:1)
  A deep elf high priest (Elf:3)
  The ghost of seawaffle the Fighter, a journeyman DsBe of Trog (Lair:3)
  2 ice dragons (Lair:5)
  4 hydras
  A catoblepas (Lair:1)
  2 merfolk avatars (Shoals:1)
  2 ogre magi (Orc:2)
  A boulder beetle (D:11)
  3 centaur warriors
  28 dancing weapons
  4 two-headed ogres
  9 death yaks
  Urug (Lair:5)
  4 orc high priests
  2 demonic crawlers (Spider:1)
  11 deep elf knights
  A soul eater (D:13)
  Amaemon (Lair:2)
  3 skysharks
  2 pharaoh ants (Spider:1)
  2 sea snakes (Shoals:1)
  A swamp dragon (Lair:5)
  9 deep elf archers
  A sun moth (Spider:1)
  An orb spider (Spider:1)
  17 deep elf zephyrmancers
  A steelbarb worm (Spider:1)
  A lindwurm (Lair:5)
  26 deep elf pyromancers
  5 orc knights
  A spectral wolf spider (D:13)
  3 cyclopes
  3 necromancers (D:13)
  4 orc sorcerers (Orc:2)
  4 manticores
  3 wolf spiders (Spider:1)
  2 spectral centaurs (D:13)
  A kobold blastminer (Orc:2)
  2 black mambas
  9 elephants
  2 centaur zombies (D:13)
  A gargoyle (D:13)
  5 torpor snails (Lair:5)
  11 cane toads
  2 centaur skeletons (D:13)
  2 unseen horrors
  4 rime drakes
  An orange demon (Lair:2)
  14 komodo dragons
  3 kobold demonologists
  A freezing wraith (D:13)
  An efreet (D:13)
  A harpy zombie (D:13)
  A tormentor (D:13)
  3 merfolk (Shoals:1)
  6 trolls
  3 tyrant leeches (Lair:5)
  6 hornets (Lair:5)
  6 tarantellas
  A snapping turtle (Shoals:1)
  6 dream sheep (Lair:5)
  10 jumping spiders
  13 blink frogs
  11 slime creatures
  9 culicivoras
  A jumping spider (shapeshifter) (D:13)
  A vampire (D:10)
  3 air elementals
  A shadow (D:10)
  4 wyverns
  4 water elementals
  3 wraiths
  3 fire elementals
  26 yaks
  2 basilisks (Lair:5)
  A warg (Orc:2)
  A golden eye (shapeshifter) (Elf:3)
  13 redbacks
  3 vampire mosquitoes (D:12)
  A steam dragon (Lair:5)
  4 acid dragons
  A spectral hornet (D:13)
  16 water moccasins
  A nameless horror (Elf:2)
  An ice beast (D:7)
  2 swamp drakes (Lair:5)
  26 orc warriors
  A sky beast (D:7)
  8 black bears
  5 ogres
  16 wolves
  4 centaurs
  11 kobold brigands
  A weeping skull (D:12)
  14 bullfrogs
  A scorpion (shapeshifter) (D:13)
  5 earth elementals
  5 scorpions
  A cane toad simulacrum (Lair:2)
  3 wights
  10 killer bees
  11 howler monkeys
  4 electric eels
  A bombardier beetle (D:6)
  3 gnoll boudas
  2 jellies
  19 orc priests
  Crazy Yiuf (D:2)
  6 hounds (D:5)
  Jessica (D:2)
  10 iguanas
  7 hell rats (Lair:2)
  25 orc wizards
  Natasha (thrice) (D:2)
  A polar bear simulacrum (Lair:2)
  Robin (D:4)
  19 gnolls
  8 adders
  A white imp (D:7)
  2 ufetubi (D:6)
  A dart slug (D:4)
  79 orcs
  3 ball pythons
  5 bats
  6 endoplasms
  4 giant cockroaches
  9 hobgoblins
  8 jackals
  36 kobolds
  5 quokkas
  3 frilled lizards
  16 goblins
  4 rats
  A spectral orc (D:12)
825 creatures vanquished.

Vanquished Creatures (collateral kills)
  2 deep elf knights
  3 deep elf zephyrmancers
  A deep elf pyromancer (Elf:1)
  2 redbacks (Spider:1)
8 creatures vanquished.

Vanquished Creatures (others)
  A deep elf archer (Elf:1)
  A blink frog (Lair:1)
  3 orcs (Orc:2)
5 creatures vanquished.

Grand Total: 838 creatures vanquished

Notes
Turn   | Place    | Note
-------+----------+-------------------------------------------
     0 | D:1      | monsoonserge the Gnoll Shapeshifter began the quest for the
                  | Orb.
     0 | D:1      | Reached XP level 1. HP: 17/17 MP: 1/1
    13 | D:1      | Reached XP level 2. HP: 23/23 MP: 2/2
   218 | D:1      | Reached XP level 3. HP: 28/28 MP: 3/3
   575 | D:1      | Reached skill level 1 in Invocations
   658 | D:1      | Reached skill level 1 in Short Blades
   658 | D:1      | Reached skill level 1 in Long Blades
   658 | D:1      | Reached skill level 1 in Axes
   658 | D:1      | Reached skill level 1 in Maces & Flails
   658 | D:1      | Reached skill level 1 in Polearms
   658 | D:1      | Reached skill level 1 in Staves
   658 | D:1      | Reached skill level 1 in Ranged Weapons
   658 | D:1      | Reached skill level 1 in Throwing
   658 | D:1      | Reached skill level 1 in Armour
   658 | D:1      | Reached skill level 1 in Stealth
   658 | D:1      | Reached skill level 1 in Shields
   658 | D:1      | Reached skill level 1 in Spellcasting
   658 | D:1      | Reached skill level 1 in Evocations
   680 | D:2      | Noticed Jessica
   689 | D:2      | Killed Jessica
   690 | D:2      | Reached skill level 1 in Conjurations
   690 | D:2      | Reached skill level 1 in Hexes
   690 | D:2      | Reached skill level 1 in Summonings
   690 | D:2      | Reached skill level 1 in Necromancy
   690 | D:2      | Reached skill level 1 in Translocations
   690 | D:2      | Reached skill level 1 in Fire Magic
   690 | D:2      | Reached skill level 1 in Ice Magic
   690 | D:2      | Reached skill level 1 in Air Magic
   690 | D:2      | Reached skill level 1 in Earth Magic
   690 | D:2      | Reached skill level 1 in Alchemy
   690 | D:2      | Reached XP level 4. HP: 23/34 MP: 5/5
   762 | D:2      | Noticed Natasha
   800 | D:2      | Killed Natasha
   904 | D:2      | Reached XP level 5. HP: 40/40 MP: 7/7
  1174 | D:2      | Noticed Natasha
  1180 | D:2      | Killed Natasha
  1272 | D:2      | Noticed Natasha
  1278 | D:2      | Killed Natasha
  1314 | D:2      | Found a runed translucent door.
  1315 | D:2      | Noticed Crazy Yiuf
  1431 | D:2      | Found an ornate altar of the Wu Jian Council.
  1493 | D:2      | Killed Crazy Yiuf
  1694 | D:3      | Found a bloodstained altar of Trog.
  1701 | D:3      | Reached XP level 6. HP: 47/47 MP: 8/8
  1715 | D:3      | Reached skill level 5 in Dodging
  1894 | D:3      | Identified the +2 robe "Zamia" {Fly}
  2122 | D:4      | You are sucked into a shaft and drop 1 floor!
  2122 | D:5      | Entered Level 5 of the Dungeon
  2158 | D:5      | Reached XP level 7. HP: 39/52 MP: 10/10
  2343 | D:4      | Found an iron altar of Okawaru.
  2374 | D:4      | Noticed Robin
  2387 | D:4      | Killed Robin
  2410 | D:4      | Found an opulent altar of Gozag.
  2492 | D:2      | Became a worshipper of the Wu Jian Council
  2692 | D:4      | Found a staircase to the Ecumenical Temple.
  2701 | Temple   | Entered the Ecumenical Temple
  2910 | D:4      | Found a blossoming altar of Fedhas.
  3406 | D:5      | Found Gateist's General Store.
  3419 | D:5      | Bought a scroll of teleportation for 33 gold pieces
  3419 | D:5      | Bought a scroll of enchant armour for 82 gold pieces
  3641 | D:5      | HP: 2/53 [ogre/+0 giant spiked club (23)]
  3643 | D:5      | Reached XP level 8. HP: 3/60 MP: 0/12
  3893 | D:5      | Found Yqetsoa's Antique Armour Shoppe.
  4008 | D:5      | Identified the +5 scale mail of the Cartwright {-Tele rPois
                  | Regen+ Dex+3}
  4352 | D:5      | Reached * piety under Wu Jian
  4505 | D:5      | Bought a potion of invisibility for 88 gold pieces
  4654 | D:5      | Found Jiex's Antique Weapon Shop.
  4894 | D:5      | Learned a level 2 spell: Blink
  4897 | D:5      | Learned a level 2 spell: Lesser Beckoning
  5233 | D:6      | Found a glowing golden altar of the Shining One.
  5447 | D:6      | Reached ** piety under Wu Jian
  5677 | D:7      | Reached XP level 9. HP: 65/67 MP: 11/14
  5789 | D:7      | Reached skill level 5 in Fighting
  6844 | D:8      | Found a staircase to the Lair.
  6850 | D:8      | Reached skill level 5 in Invocations
  7026 | D:8      | Reached *** piety under Wu Jian
  7119 | D:8      | Reached skill level 5 in Short Blades
  7119 | D:8      | Reached skill level 5 in Long Blades
  7119 | D:8      | Reached skill level 5 in Axes
  7119 | D:8      | Reached skill level 5 in Maces & Flails
  7119 | D:8      | Reached skill level 5 in Polearms
  7119 | D:8      | Reached skill level 5 in Staves
  7119 | D:8      | Reached skill level 5 in Ranged Weapons
  7119 | D:8      | Reached skill level 5 in Throwing
  7119 | D:8      | Reached skill level 5 in Armour
  7119 | D:8      | Reached skill level 5 in Stealth
  7119 | D:8      | Reached skill level 5 in Shields
  7119 | D:8      | Reached skill level 5 in Spellcasting
  7119 | D:8      | Reached skill level 5 in Evocations
  7119 | D:8      | Reached XP level 10. HP: 46/76 MP: 15/17
  7266 | D:8      | Found a stormy altar of Qazlal.
  7324 | D:8      | Noticed a kobold demonologist
  7344 | D:8      | Noticed a sun demon
  7345 | D:8      | Killed a kobold demonologist
  8614 | D:9      | Noticed a two-headed ogre
  9029 | D:9      | Killed a two-headed ogre
  9853 | D:9      | Reached skill level 5 in Conjurations
  9853 | D:9      | Reached skill level 5 in Hexes
  9853 | D:9      | Reached skill level 5 in Summonings
  9853 | D:9      | Reached skill level 5 in Necromancy
  9853 | D:9      | Reached skill level 5 in Translocations
  9853 | D:9      | Reached skill level 5 in Fire Magic
  9853 | D:9      | Reached skill level 5 in Ice Magic
  9853 | D:9      | Reached skill level 5 in Air Magic
  9853 | D:9      | Reached skill level 5 in Earth Magic
  9853 | D:9      | Reached skill level 5 in Alchemy
  9853 | D:9      | Reached XP level 11. HP: 59/83 MP: 13/20
 10101 | D:9      | Reached **** piety under Wu Jian
 10251 | D:10     | Entered Level 10 of the Dungeon
 10356 | D:10     | Found a staircase to the Orcish Mines.
 11074 | D:10     | Learned a level 3 spell: Mephitic Cloud
 11271 | D:11     | Noticed a cyclops
 11374 | D:11     | Noticed a two-headed ogre
 11383 | D:11     | Killed a two-headed ogre
 11505 | D:11     | Noticed a manticore
 11511 | D:11     | Killed a manticore
 11669 | D:11     | Killed a cyclops
 11752 | D:11     | Noticed a two-headed ogre
 11760 | D:11     | Killed a two-headed ogre
 12281 | Lair:1   | Entered Level 1 of the Lair of Beasts
 12757 | Lair:1   | Noticed a catoblepas
 12760 | Lair:1   | Reached ***** piety under Wu Jian
 12766 | Lair:1   | Reached XP level 12. HP: 49/91 MP: 9/22
 12771 | Lair:1   | Killed a catoblepas
 13676 | Lair:2   | Reached skill level 10 in Unarmed Combat
 14139 | Lair:2   | Found a staircase to the Shoals.
 14240 | Lair:2   | Noticed Amaemon
 14250 | Lair:2   | Killed Amaemon
 14886 | Lair:3   | Found a hole to the Spider Nest.
 15064 | Lair:3   | Noticed a skyshark
 15079 | Lair:3   | Killed a skyshark
 15090 | Lair:2   | Learned a level 3 spell: Swiftness
 15172 | Lair:3   | Reached XP level 13. HP: 98/99 MP: 20/25
 15174 | Lair:3   | Reached skill level 10 in Shapeshifting
 15637 | Lair:3   | Found a runed translucent door.
 15637 | Lair:3   | Noticed seawaffle's ghost (journeyman DsBe)
 16198 | Lair:3   | Killed seawaffle's ghost
 17352 | Lair:4   | Found a runed translucent gate.
 17353 | Lair:4   | Found a runed translucent gate.
 17354 | Lair:4   | Found a runed translucent gate.
 17365 | Lair:4   | Noticed Murgh's ghost (journeyman MiBe)
 17749 | D:5      | Bought a phantom mirror for 440 gold pieces
 17869 | Lair:5   | Entered Level 5 of the Lair of Beasts
 18465 | Lair:5   | Reached skill level 10 in Dodging
 18968 | Lair:5   | Found a viscous altar of Jiyva.
 18968 | Lair:5   | Found a staircase to the Slime Pits.
 19187 | Orc:1    | Entered Level 1 of the Orcish Mines
 19238 | Orc:1    | Reached ****** piety under Wu Jian
 20011 | Orc:2    | Entered Level 2 of the Orcish Mines
 20042 | Orc:2    | Noticed Snorg
 20042 | Orc:2    | Identified the +4 kite shield of Yhuwo {rElec rF+ rN+
                  | Str+2}
 20042 | Orc:2    | Noticed Donald
 20072 | D:12     | Noticed Jorgrun
 20498 | Lair:5   | Identified the ring "Gonudus" {Will++ EV+5 Slay+3 Stlth+}
 20499 | Lair:5   | Reached skill level 10 in Invocations
 20499 | Lair:5   | Reached XP level 14. HP: 108/108 MP: 24/27
 21663 | Lair:5   | Noticed Urug
 22130 | Orc:2    | Found a staircase to the Elven Halls.
 22226 | Orc:2    | Noticed an orc warlord
 22414 | Orc:2    | Killed Donald
 22709 | Orc:2    | Reached skill level 10 in Fighting
 22781 | Orc:2    | Killed Snorg
 23741 | Orc:2    | Killed an orc warlord
 24042 | Orc:2    | Found Xoseqe's Armour Emporium.
 24042 | Orc:2    | Found Qotwym's Assorted Antiques.
 24044 | Orc:2    | Found Xolume's General Store.
 24044 | Orc:2    | Found Erofuorgh's Jewellery Boutique.
 24055 | Orc:2    | Bought a curved iron wand for 168 gold pieces
 24410 | D:12     | Killed Jorgrun
 24411 | D:12     | Reached skill level 10 in Short Blades
 24411 | D:12     | Reached skill level 10 in Long Blades
 24411 | D:12     | Reached skill level 10 in Axes
 24411 | D:12     | Reached skill level 10 in Maces & Flails
 24411 | D:12     | Reached skill level 10 in Polearms
 24411 | D:12     | Reached skill level 10 in Staves
 24411 | D:12     | Reached skill level 10 in Ranged Weapons
 24411 | D:12     | Reached skill level 10 in Throwing
 24411 | D:12     | Reached skill level 10 in Armour
 24411 | D:12     | Reached skill level 10 in Stealth
 24411 | D:12     | Reached skill level 10 in Shields
 24411 | D:12     | Reached skill level 10 in Spellcasting
 24411 | D:12     | Reached skill level 10 in Evocations
 24796 | D:12     | Reached XP level 15. HP: 102/117 MP: 22/29
 25125 | D:12     | Found a basalt altar of Yredelemnul.
 25463 | D:13     | Noticed Rupert
 25856 | D:13     | Got the Monograph on Air and Locality
 26060 | D:13     | Found an ancient bone altar of Kikubaaqudgha.
 26654 | Lair:5   | Killed Urug
 27947 | Lair:5   | Learned a level 5 spell: Summon Forest
 27982 | Lair:5   | Identified the +2 pair of gloves "Toqiping" {rPois rN+
                  | Int+2 Dex-3}
 28412 | D:13     | Killed Rupert
 29202 | Elf:1    | Entered Level 1 of the Elven Halls
 29875 | Elf:1    | Noticed a deep elf sorcerer
 29891 | Elf:1    | Killed a deep elf sorcerer
 30194 | Elf:1    | Paralysed by an air elemental for 1 turns
 30199 | Elf:1    | Paralysed by an air elemental for 1 turns
 30373 | Elf:1    | Reached XP level 16. HP: 123/125 MP: 30/30
 30413 | Elf:1    | Found Duxzywn's Antique Weapon Boutique.
 30843 | Elf:2    | Learned a level 5 spell: Yara's Violent Unravelling
 31089 | Elf:2    | Found a runed translucent gate.
 31089 | Elf:2    | Found a runed translucent gate.
 31090 | Elf:2    | Found a runed translucent gate.
 31621 | Elf:2    | Identified the flux talisman of the Black Moon {rElec}
 31805 | Elf:3    | Entered Level 3 of the Elven Halls
 31852 | Elf:3    | Noticed a deep elf blademaster
 31852 | Elf:3    | Noticed a deep elf master archer
 31852 | Elf:3    | Noticed a deep elf blademaster
 31861 | Elf:3    | Identified the +2 robe of Ytixiskoa {rF- rN+ Str+3}
 31863 | Elf:3    | Got Neblukk's Tome of Obstruction
 31869 | Elf:3    | Learned a level 4 spell: Cause Fear
 31892 | Elf:3    | Identified the ring of Tension {rPois Will+ rCorr Dex-4
                  | SInv}
 31902 | Elf:3    | Identified the staff of Classification {rC+ Necro Ice}
 31948 | Elf:3    | Learned a level 5 spell: Silence
 31953 | Elf:3    | Identified the +0 kite shield "Dagitaj" {Str-2 Int+3 Dex+6}
 31953 | Elf:3    | Noticed Asterion
 31968 | Elf:3    | Found a radiant altar of Vehumet.
 31969 | Elf:3    | Killed Asterion
 32373 | Elf:1    | Got Ytte's Easy Willworking
 32435 | Elf:1    | Identified a scroll of acquirement
 32482 | Elf:2    | HP: 6/127 [+1 lajatang of distortion (11)]
 33342 | D:10     | Acquired the ring of the Hare {EV+10}
 33342 | D:10     | Found the ring of the Hare {EV+10}
 33348 | D:10     | Acquired 616 gold pieces
 33350 | D:10     | Acquired 1051 gold pieces
 33352 | D:10     | Acquired 646 gold pieces
 33629 | Orc:2    | Bought the amulet of Eboxeuv {Reflect Harm +Inv rElec Str-2
                  | SH+5} for 748 gold pieces
 33642 | Orc:2    | Bought a dragon-blood talisman for 960 gold pieces
 33814 | Shoals:1 | Entered Level 1 of the Shoals
 33820 | Shoals:1 | Found Riom Guc's Distillery.
 34187 | Shoals:1 | Found Mutrisih's Distillery.
 34441 | Shoals:1 | Reached XP level 17. HP: 78/133 MP: 32/32
 34685 | Spider:1 | Entered Level 1 of the Spider Nest
 34848 | Spider:1 | Reached skill level 10 in Conjurations
 34848 | Spider:1 | Reached skill level 10 in Hexes
 34848 | Spider:1 | Reached skill level 10 in Summonings
 34848 | Spider:1 | Reached skill level 10 in Necromancy
 34848 | Spider:1 | Reached skill level 10 in Translocations
 34848 | Spider:1 | Reached skill level 10 in Fire Magic
 34848 | Spider:1 | Reached skill level 10 in Ice Magic
 34848 | Spider:1 | Reached skill level 10 in Air Magic
 34848 | Spider:1 | Reached skill level 10 in Earth Magic
 34848 | Spider:1 | Reached skill level 10 in Alchemy
 36542 | Elf:2    | Noticed a deep elf blademaster
 37104 | Elf:3    | Noticed an Executioner
 37117 | Elf:3    | Noticed a deep elf blademaster
 37133 | Elf:3    | Slain by a deep elf blademaster

Illustrated notes

Levels and vault maps discovered:
D:1:      grunt_arrival_lava_bath, layout_rooms
D:2:      wad_crossroads, layout_basic, basic_altar, uniq_natasha,
          uniq_crazy_yiuf_cottage, uniq_jessica
D:3:      layout_rooms, bloody_trog
D:4:      cheibrodos_pilgrimage, layout_loops_ring, lemuel_tele_altar,
          mainiacjoe_overflow_catch_the_wave, minmay_temple_entry_glassed_door,
          serial_library_hellmonk_semicircle, uniq_robin
D:5:      layout_loops_ring, serial_shops, nicolae_shop_tiny_statue_garden,
          shop, nicolae_shop_window_shopping, chequers_serial_rivers_marsh,
          dreamdust_gnoll_farm
D:6:      layout_cave_pools, mainiacjoe_overflow_24_doors, dk_vineyard_3,
          abandoned_shop
D:7:      layout_loops_corners
D:8:      layout_loops_ring, mainiacjoe_overflow_paths, david_lair_generic,
          special_room [special_room_kobold]
D:9:      layout_cave_pods
D:10:     layout_basic, orc_0_dummy
D:11:     layout_basic
D:12:     layout_roguey, yredelemnul_forgotten_temple_becter, uniq_jorgrun
D:13:     evilmike_negative_zone, layout_loops_corners,
          nicolae_trove_entry_free_sample, uniq_rupert
Temple:   nicolae_temple_elliptical
Lair:1:   layout_loops_ring
Lair:2:   layout_loops_ring, minmay_shoals_entry_centaurs,
          portal_ice_cave_entry_ice_simulacra, beast_lair_carwin_10,
          uniq_amaemon
Lair:3:   layout_hall_layers, nicolae_spider_entry_tight_spaces,
          gammafunk_ghost_grave, grunt_megastairs_5
Lair:4:   layout_long_grid, gammafunk_ghost_split, infiniplex_staircase_pool
Lair:5:   guppyfry_lair_end_dragon, layout_long_grid, wormcave,
          dpeg_slime_entry_enclosed, wad_woods_road_01, serial_bayou_shore_b,
          uniq_urug
Shoals:1: layout_shoals, serial_shops, nicolae_shop_stone,
          nicolae_lakefront_shop, nicolae_shop_crystal, shop,
          nicolae_shop_tiny_glass
Spider:1: layout_spider_delve, uniq_roxanne
Orc:1:    layout_caves
Orc:2:    grunt_orc_tribal_feast, layout_caves, uniq_snorg, uniq_donald
Elf:1:    layout_loops_ring, serial_shops, shop, evilmike_minifort
Elf:2:    elven_hall_of_blades_hangedman_original
          [nicolae_blade_entry_crossed_weapons], layout_geoelf_octagon,
          minmay_checkered_concentric_circles
Elf:3:    minmay_elf_hall_four_x, layout_geoelf_grid, david_defended_altar_elf,
          uniq_asterion

Skill      XL: |  1  2  3  4  5  6  7  8  9 10 11 12 13 14 15 16 17 |
---------------+----------------------------------------------------+-----
Invocations    | 1 2 3 4 5 6 7 8 10 11 12 13 | 13.2
Short Blades   | 1 2 3 5 6 7 8 9 10 11 12 | 12.1
Long Blades    | 1 2 3 5 6 7 8 9 10 11 12 | 12.1
Axes           | 1 2 3 5 6 7 8 9 10 11 12 | 12.1
Maces & Flails | 1 2 3 5 6 7 8 9 10 11 12 | 12.1
Polearms       | 1 2 3 5 6 7 8 9 10 11 12 | 12.1
Staves         | 1 2 3 5 6 7 8 9 10 11 12 | 12.1
Ranged Weapons | 1 2 3 5 6 7 8 9 10 11 12 | 12.1
Throwing       | 1 2 3 5 6 7 8 9 10 11 12 | 12.1
Armour         | 1 2 3 5 6 7 8 9 10 11 12 | 12.1
Stealth        | 1 2 3 5 6 7 8 9 10 11 12 | 12.1
Shields        | 1 2 3 5 6 7 8 9 10 11 12 | 12.1
Spellcasting   | 1 2 3 5 6 7 8 9 10 11 12 | 12.1
Evocations     | 1 2 3 5 6 7 8 9 10 11 12 | 12.1
Conjurations   | 1 2 3 4 5 6 7 8 9 10 | 10.3
Hexes          | 1 2 3 4 5 6 7 8 9 10 | 10.3
Summonings     | 1 2 3 4 5 6 7 8 9 10 | 10.3
Necromancy     | 1 2 3 4 5 6 7 8 9 10 | 10.3
Translocations | 1 2 3 4 5 6 7 8 9 10 | 10.3
Fire Magic     | 1 2 3 4 5 6 7 8 9 10 | 10.3
Ice Magic      | 1 2 3 4 5 6 7 8 9 10 | 10.3
Air Magic      | 1 2 3 4 5 6 7 8 9 10 | 10.3
Earth Magic    | 1 2 3 4 5 6 7 8 9 10 | 10.3
Alchemy        | 1 2 3 4 5 6 7 8 9 10 | 10.3
Fighting       | 3 4 5 6 7 8 9 10 11 12 | 12.4
Dodging        | 5 6 7 8 9 10 11 12 | 12.9
Unarmed Combat | 7 8 9 10 11 12 13 | 13.7
Shapeshifting  | 7 8 9 10 11 12 | 12.9

Action                     |  1- 3 |  4- 6 |  7- 9 | 10-12 | 13-15 | 16-18 || total
---------------------------+-------+-------+-------+-------+-------+-------++-------
  Melee: Unarmed           |    71 |   101 |   309 |   339 |  1065 |   452 ||  2337
         Bite              |     5 |     9 |    45 |    29 |    22 |    46 ||   156
         Punch             |       |     3 |     6 |    14 |       |    12 ||    35
         Flail             |       |       |    84 |   222 |       |       ||   306
         Constrict         |       |       |       |    55 |   143 |       ||   198
         Maw               |       |       |       |       |    69 |    62 ||   131
         Tailslap          |       |       |       |       |       |    10 ||    10
  Throw: Javelin           |       |       |       |     2 |       |       ||     2
         Boomerang         |       |       |       |       |     2 |       ||     2
   Cast: Mephitic Cloud    |       |       |       |       |     9 |    15 ||    24
         Blink             |       |       |       |       |     2 |     4 ||     6
         Summon Forest     |       |       |       |       |     4 |     9 ||    13
         Cause Fear        |       |       |       |       |       |     7 ||     7
         Yara's Violent Un |       |       |       |       |       |     4 ||     4
 Invoke: Serpent's Lash    |       |       |       |     6 |     8 |     5 ||    19
         Heavenly Storm    |       |       |       |       |     1 |       ||     1
Ability: Lunge             |       |       |    17 |    53 |    85 |    72 ||   227
         Whirlwind         |       |       |    58 |   144 |   286 |   126 ||   614
         Breathe Fire      |       |       |       |       |       |     1 ||     1
         Evoke Invisibilit |       |       |       |       |       |     1 ||     1
  Evoke: Wand              |       |     1 |       |     1 |     7 |     3 ||    12
         Phantom mirror    |       |       |       |       |     1 |       ||     1
    Use: Scroll            |       |     4 |     5 |     8 |     9 |    16 ||    42
         Potion            |       |       |       |       |     5 |     8 ||    13
   Stab: Sleeping          |       |     1 |     2 |     7 |    21 |    17 ||    48
         Distracted        |       |       |       |     5 |     4 |     1 ||    10
         Confused          |       |       |       |       |     2 |    11 ||    13
 Armour: Ring mail         |    41 |    38 |       |       |       |       ||    79
         Animal skin       |     3 |       |       |       |       |       ||     3
         Robe              |       |     7 |    10 |       |       |       ||    17
         Skin              |       |       |    86 |   206 |   595 |   108 ||   995
         Chain mail        |       |       |   106 |   180 |       |    86 ||   372
  Dodge: Dodged            |    67 |    65 |   187 |   235 |   482 |   178 ||  1214
  Block: Kite shield       |       |       |       |       |    98 |   140 ||   238
         Other             |       |       |       |       |    37 |    29 ||    66
         Reflection        |       |       |       |       |     4 |    14 ||    18
   Form: Flux              |       |       |     1 |     1 |       |       ||     2
         Beast             |       |       |     2 |       |     1 |       ||     3
         Serpent           |       |       |     1 |     3 |     4 |     2 ||    10
         Maw               |       |       |     1 |     2 |     4 |     3 ||    10
                           |       |       |       |     1 |       |       ||     1
         Blade             |       |       |       |       |       |     5 ||     5
         Dragon            |       |       |       |       |       |     2 ||     2
